 Dungeon Crawl Stone Soup version 0.17-a0-1248-g117de50 (webtiles) character file.

104916 RobertPalmer the Severer (level 15, -11/141 HPs)
             Began as a Deep Dwarf Gladiator on June 5, 2015.
             Was the Champion of Makhleb.
             Killed from afar by a deep elf annihilator (48 damage)
             ... with an iron shot
             ... on level 3 of the Elven Halls.
             The game lasted 01:07:30 (22299 turns).

RobertPalmer the Severer (Deep Dwarf Gladiator)    Turns: 22299, Time: 01:07:30

Health: -11/141    AC: 26    Str: 21    XL:     15   Next: 93%
Magic:  2/2        EV: 15    Int:  8    God:    Makhleb [******]
Gold:   1545       SH:  0    Dex: 18    Spells: 0 memorised, 14 levels left

rFire  + . .     SeeInvis .     b - +1 battleaxe (antimagic)
rCold  . . .     Clarity  .     m - +2 plate armour {rPois}
rNeg   + . .     SustAt   .     (no shield)
rPois  +         Gourm    .     c - +0 helmet
rElec  .         Spirit   .     E - +1 cloak
rCorr  .         Warding  .     T - +1 pair of gloves
rMut   .         Stasis   .     P - +2 pair of boots {rF+}
MR     ++++.                    U - amulet of faith {Faith, !P}
Stlth  ..........               w - ring of protection from magic {MR+, !d}
                                g - ring of protection from magic {MR+, !d}

@: non-regenerating, incredibly resistant to hostile enchantments, extremely
unstealthy
A: damage resistance, recharge devices, negative energy resistance 1, sense
surroundings 2, slow healing 3
a: Device Recharging, Minor Destruction, Lesser Servant of Makhleb, Major
Destruction, Greater Servant of Makhleb, Renounce Religion


You were on level 3 of the Elven Halls.
You worshipped Makhleb.
Makhleb was exalted by your worship.
You were hungry.

You visited 4 branches of the dungeon, and saw 23 of its levels.
You also visited: Volcano.

You collected 2303 gold pieces.
You spent 758 gold pieces at shops.

Inventory:

Hand weapons
 a - a +2 battleaxe of venom
   (You took it off an orc warrior on level 4 of the Orcish Mines)
 b - a +1 antimagic battleaxe (weapon)
   (You took it off an orc high priest on level 4 of the Orcish Mines)
Missiles
 d - 4 throwing nets {=f, !d}
 M - 7 tomahawks of dispersal {=f}
Armour
 c - a +0 helmet (worn)
 m - a +2 plate armour of poison resistance (worn)
   (You took it off an orc warlord on level 4 of the Orcish Mines)
 E - a +1 cloak (worn)
   (You took it off Maurice on level 8 of the Dungeon)
 P - a +2 pair of boots of fire resistance (worn)
   (You found it in a volcano)
 T - a +1 pair of gloves (worn)
   (You took it off Nikola on level 2 of the Elven Halls)
Jewellery
 g - a ring of protection from magic (left hand) {MR+, !d}
   (You found it on level 6 of the Dungeon)
 i - a cursed ring of stealth {Stlth+}
   (You found it on level 11 of the Dungeon)
 k - an uncursed ring of positive energy {rN+}
   (You found it on level 12 of the Dungeon)
 o - an uncursed ring of see invisible {sInv, !d}
   (You found it on level 1 of the Dungeon)
 q - a cursed ring of teleportation {+/*tele, !d}
   (You found it on level 15 of the Dungeon)
 r - a +1 ring of evasion
   (You found it on level 11 of the Dungeon)
 w - a ring of protection from magic (right hand) {MR+, !d}
   (You found it on level 3 of the Dungeon)
 y - an uncursed ring of stealth {Stlth+}
   (You found it on level 11 of the Dungeon)
 D - an uncursed ring of protection from fire {rF+, !d}
   (You took it off a crimson imp on level 14 of the Dungeon)
 U - an amulet of faith (around neck) {Faith, !P}
   (You found it on level 14 of the Dungeon)
 Z - an uncursed ring of protection from magic {MR+, !d}
   (You found it on level 3 of the Elven Halls)
Magical devices
 e - a wand of heal wounds (1)
 p - a wand of hasting (2)
   (You bought it in a shop on level 4 of the Orcish Mines)
 N - a wand of teleportation (4)
   (You found it on level 9 of the Dungeon)
 X - a wand of teleportation (3)
   (You took it off Nikola on level 2 of the Elven Halls)
Scrolls
 s - 2 scrolls of enchant armour
 t - 9 scrolls of remove curse
 C - 2 scrolls of fog
 G - a scroll of amnesia
 I - a scroll of teleportation
 K - 5 scrolls of enchant weapon
 V - 2 scrolls of identify
Potions
 j - 5 potions of curing
 n - 2 potions of ambrosia
 u - 4 potions of brilliance
 x - 3 potions of haste
 A - a potion of lignification {!q}
 H - 3 potions of flight
 L - a potion of magic {unknown}
 O - a potion of resistance
 Q - a potion of agility
Books
 z - a book of Necromancy
   (You found it on level 1 of the Elven Halls)
 F - a book of Ice
   (You found it on level 7 of the Dungeon)
 J - a book of Battle
   (You found it on level 8 of the Dungeon)
Miscellaneous
 v - a lamp of fire (inert)
   (You found it on level 9 of the Dungeon)
 R - a disc of storms
   (You found it on level 1 of the Elven Halls)
Comestibles
 f - 6 bread rations {@e1}
 h - 16 meat rations {@e2}
 l - 30 fruits
 B - 2 slices of pizza
 W - 7 chunks of flesh {@w0}
 Y - a royal jelly


   Skills:
 - Level 11.1 Fighting
 - Level 20.0 Axes
 - Level 1.7 Throwing
 - Level 10.0 Armour
 + Level 15.5 Dodging
 - Level 7.0 Invocations


You had 14 spell levels left.
You didn't know any spells.

Dungeon Overview and Level Annotations

Branches:
Dungeon (15/15) Temple (0/1) D:4 D:5 Lair (0/8) D:11 Orc (4/4) D:11 Elf (3/3) Orc:3 Vaults (0/5) D:13 Depths (1/5) D:15

Altars:
Cheibriados
Dithmenos
Elyvilon
Fedhas
Makhleb
Nemelex Xobeh
Qazlal
Ru
Trog
Xom
Beogh

Shops:
D:7 ?   D:10 *   Orc:4 **(:   Elf:1 =   Elf:2 =   Elf:3 ((

Annotations:
D:4 Jessica
D:5 Grinder
Elf:2 exclusion: Roxanne, Roxanne


Innate Abilities, Weirdness & Mutations

You are resistant to damage.
You can recharge devices by infusing magical energy.
You resist negative energy.
You passively map the area around you.
You do not heal naturally.


Message History

You miss the deep elf priest.
The deep elf priest hits you but does no damage.
You slash the deep elf priest!
The crystal guardian glitters, brittle, in the dim dungeon light.
The deep elf priest closely misses you.
You slice the deep elf priest!!
You kill the deep elf priest!
Makhleb accepts your kill.
You feel a little better.
You are feeling hungry.
The crystal guardian fires a crystalline bolt at you.
The crystal bolt freezes the crystal guardian.
The crystal guardian completely resists.
The crystal bolt freezes you!
The crystal guardian glitters, brittle, in the dim dungeon light.
The crystal guardian fires a crystalline bolt at you.
The crystal bolt freezes the crystal guardian.
The crystal guardian completely resists.
The crystal bolt misses you.
You take 24 damage, and have 75/141 hp.
You are too injured to fight recklessly!
You slash the crystal guardian!
The crystal guardian's magic leaks into the air.
You hit the crystal guardian.
The crystal guardian's magic leaks into the air.
The crystal guardian hits you!
You take 10 damage, and have 65/141 hp.
You slice the crystal guardian!!
The crystal guardian's magic leaks into the air.
The crystal guardian hits you but does no damage.
You slice the crystal guardian!!
The crystal guardian's magic leaks into the air.
You hit the crystal guardian but do no damage.
The crystal guardian falters for a moment.
You slash the crystal guardian!
The crystal guardian's magic leaks into the air.
The crystal guardian glitters, brittle, in the dim dungeon light.
The crystal guardian barely misses you.
You slash the crystal guardian!
You destroy the crystal guardian!
You feel a little better.
The crystal guardian fires a crystalline bolt at you.
The crystal bolt freezes you!
You take 3 damage, and have 62/141 hp.
The crystal guardian hits you!
Items here: ( )) [ † an uncursed scimitar; an uncursed longbow; 15 arrows of frost; a leather armour an elf corpse You take 14 damage, and have 48/141 hp.
You slash the crystal guardian!
The crystal guardian's magic leaks into the air.
The crystal guardian fires a crystalline bolt at you.
The crystal bolt freezes the crystal guardian.
The crystal guardian completely resists.
The crystal bolt freezes you!
* * * LOW HITPOINT WARNING * * *
You take 42 damage, and have 6/141 hp.
MASSIVE DAMAGE!!
Read which item? (? for menu, Esc to quit)
Okay, then.
You feel much better.
This wand has 2 charges left.
The crystal guardian closely misses you.
You regained 14 hp, and now have 20/141 hp.
You feel much better.
This wand has 1 charge left.
The crystal guardian hits you!
* * * LOW HITPOINT WARNING * * *
You regained 6 hp, and now have 26/141 hp.
Read which item? (? for menu, Esc to quit)
As you read the scroll of teleportation, it crumbles to dust.
You feel strangely unstable.
The crystal guardian hits you but does no damage.
Unknown command.
Unknown command.
Unknown command.
Drink which item? (? for menu, Esc to quit)
You feel much better.
The crystal guardian glitters, brittle, in the dim dungeon light.
The crystal guardian hits you.
* * * LOW HITPOINT WARNING * * *
You regained 14 hp, and now have 40/141 hp.
Your surroundings suddenly seem different.
A deep elf annihilator comes into view. It is wielding a short sword.
The deep elf annihilator shouts!
A deep elf annihilator comes into view. It is wielding a long sword.
The deep elf annihilator shouts!
A deep elf sorcerer comes into view. It is wielding a rapier.
The deep elf sorcerer shouts!
A deep elf annihilator comes into view. It is wielding a rapier.
The deep elf annihilator shouts!
A deep elf high priest comes into view. It is wielding a short sword.
The deep elf high priest shouts!
A deep elf conjurer comes into view. It is wielding a rapier.
The deep elf conjurer shouts!
The deep elf conjurer gestures at you while chanting.
The bolt of fire hits you! You resist.
* * * LOW HITPOINT WARNING * * *
The crystal guardian misses you.
The deep elf annihilator casts a spell at you.
The iron shot hits you!
You die...

*...).
##...##
##.## ...
#, ...,
##.e ,
####..e..,
##e.e.....
,,
#8@.......
* *
+.8...e...
*
#.......##
*,
##e.....#
, ,
####.....
, , , ,
#...., , ,
..e. , , ,
, ,..., ,
, , , , ,


You could see 4 deep elf annihilators, 2 crystal guardians, a deep elf sorcerer,
a deep elf high priest and a deep elf conjurer.

Vanquished Creatures
  Nikola (Elf:2)
  2 orc warlords (Orc:4)
  Azrael (D:15)
  A deep elf annihilator (Elf:1)
  A crystal guardian (Elf:3)
  A deep elf death mage (Elf:2)
  4 vault guards (D:13)
  A deep elf high priest (Elf:1)
  A jiangshi (D:15)
  2 hydras
  A centaur warrior (D:13)
  A catoblepas (D:14)
  13 dancing weapons (Elf:2)
  A tengu warrior (D:13)
  The ghost of HEYYEYAAE the Gusty, an experienced HuAE of Vehumet (D:9)
  7 orc high priests (Orc:4)
  2 unseen horrors (D:15)
  11 deep elf knights
  6 deep elf summoners
  The ghost of xsansara the Basher, an experienced OgAK of Lugonu (D:6)
  A spriggan druid (Elf:2)
  2 hill giants
  3 orc knights (Orc:4)
  Pikel (D:5)
  7 orc sorcerers (Orc:4)
  10 ugly things
  A hornet (D:15)
  8 deep elf conjurers
  5 cyclopes
  4 manticores
  A salamander (D:15)
  Maurice (D:8)
  A toenail golem (Volcano)
  3 gargoyles
  An efreet (Volcano)
  A redback zombie (D:15)
  A yaktaur (D:15)
  A komodo dragon (D:12)
  A tengu conjurer (D:15)
  17 deep elf priests
  9 trolls
  10 two-headed ogres
  A blink frog (shapeshifter) (D:13)
  2 polar bears (Elf:2)
  Prince Ribbit (D:6)
  6 ravens
  5 slime creatures
  A harpy skeleton (D:15)
  A trapdoor spider (D:12)
  16 deep elf magi
  Sigmund (D:6)
  A wraith (D:15)
  A centaur simulacrum (D:15)
  2 hungry ghosts
  A water elemental (D:11)
  21 deep elf fighters
  Eustachio (D:4)
  7 hippogriffs
  A vampire (D:13)
  3 fire elementals
  Grum (D:8)
  11 yaks
  7 wargs
  Menkaure (D:6)
  6 wolves
  A steam dragon (D:15)
  2 water moccasins (D:10)
  54 orc warriors
  2 vampire mosquitoes (D:13)
  Duvessa (D:6)
  9 ice beasts
  8 sky beasts
  4 slaves (D:5)
  A wasp (D:10)
  A necrophage (D:10)
  17 ogres
  A crocodile (D:12)
  5 big kobolds
  5 centaurs
  2 gnoll sergeants
  2 earth elementals (Volcano)
  A wyvern skeleton (D:12)
  13 giant frogs
  Dowan (D:6)
  6 scorpions
  8 wights
  11 killer bees
  A lava snake (D:8)
  9 crimson imps
  3 centaur zombies
  3 electric eels (D:11)
  5 jellies
  A quasit (D:6)
  2 giant frog zombies
  7 centaur skeletons
  15 hounds
  36 orc priests
  A wasp zombie (D:11)
  A giant frog skeleton (D:4)
  12 worker ants
  Natasha (twice) (D:3)
  A gnoll shaman (D:9)
  An iguana (D:7)
  24 orc wizards
  A killer bee zombie (D:10)
  6 sheep
  A hound zombie (D:5)
  A hound skeleton (D:5)
  3 mummies (D:10)
  2 worker ant zombies
  12 gnolls
  10 adders
  3 shadow imps
  2 oozes
  An ooze (shapeshifter) (D:15)
  An adder skeleton (D:6)
  6 worms
  3 giant geckos
  284 orcs
  14 bats
  A bat skeleton (D:7)
  A bat zombie (D:6)
  29 goblins
  16 hobgoblins
  4 quokkas
  A ball python (D:5)
  3 giant cockroaches
  3 giant newts
  11 jackals
  A jackal skeleton (D:4)
  29 kobolds
  21 rats
  2 crawling corpses (Elf:2)
  A plant (Elf:2)
998 creatures vanquished.

Vanquished Creatures (collateral kills)
  Saint Roka (Elf:2)
  Maud (Orc:2)
  A hydra (D:13)
  A dancing weapon (Elf:2)
  2 deep elf knights (Elf:2)
  A hill giant (D:13)
  An orc sorcerer (Elf:2)
  A deep elf mage (Elf:2)
  A sky beast (D:13)
  2 orc wizards
  An iguana (D:13)
  2 orcs (Orc:2)
  A bat (D:9)
16 creatures vanquished.

Vanquished Creatures (others)
  2 fire elementals (D:15)
  A hell hound (D:15)
  An orc (Elf:2)
  A quokka (D:15)
  2 butterflies (D:10)
  2 plants (D:10)
9 creatures vanquished.

Grand Total: 1023 creatures vanquished

Notes
Turn   | Place    | Note
--------------------------------------------------------------
     0 | D:1      | RobertPalmer the Deep Dwarf Gladiator began the quest for the Orb.
     0 | D:1      | Reached XP level 1. HP: 19/19 MP: 1/1
    74 | D:1      | Reached XP level 2. HP: 26/26 MP: 2/2
    78 | D:1      | Reached skill level 4 in Axes
   492 | D:1      | Reached XP level 3. HP: 25/32 MP: 3/3
   693 | D:2      | Found a burning altar of Makhleb.
   694 | D:2      | Found a shimmering altar of Xom.
   697 | D:2      | Found a sacrificial altar of Ru.
   715 | D:2      | Became a worshipper of Makhleb the Destroyer
   924 | D:2      | Reached skill level 5 in Axes
  1185 | D:3      | Found a shadowy altar of Dithmenos.
  1343 | D:3      | Found a stormy altar of Qazlal.
  1425 | D:3      | Noticed Natasha
  1431 | D:3      | Killed Natasha
  1431 | D:3      | Reached XP level 4. HP: 25/39 MP: 4/4
  1529 | D:3      | Noticed Natasha
  1535 | D:3      | Killed Natasha
  1539 | D:3      | Noticed a scorpion
  1554 | D:3      | Killed a scorpion
  1554 | D:3      | Reached skill level 6 in Axes
  1554 | D:3      | Reached XP level 5. HP: 40/45 MP: 5/5
  1588 | D:3      | Acquired Makhleb's first power
  1850 | D:4      | Found a staircase to the Ecumenical Temple.
  1960 | D:4      | Reached skill level 7 in Axes
  2212 | D:4      | Noticed Eustachio
  2236 | D:4      | Killed Eustachio
  2236 | D:4      | Reached skill level 8 in Axes
  2236 | D:4      | Reached XP level 6. HP: 13/52 MP: 6/6
  2615 | D:4      | Noticed Jessica
  2861 | D:5      | Entered Level 5 of the Dungeon
  3000 | D:5      | Noticed Pikel
  3007 | D:5      | Noticed Grinder
  3234 | D:5      | Found a staircase to the Ecumenical Temple.
  3242 | D:5      | Reached XP level 7. HP: 54/58 MP: 6/6
  3573 | D:5      | Acquired Makhleb's second power
  3641 | D:5      | Reached skill level 9 in Axes
  3782 | D:5      | Killed Pikel
  3782 | D:5      | Reached skill level 10 in Axes
  3782 | D:5      | Reached XP level 8. HP: 38/66 MP: 7/7
  3883 | D:5      | HP: 11/66 [ogre/giant spiked club (32)]
  4033 | D:5      | Reached skill level 11 in Axes
  4569 | D:6      | Noticed Sigmund
  4591 | D:6      | Killed Sigmund
  4613 | D:6      | Found a sparkling altar of Nemelex Xobeh.
  4639 | D:6      | Noticed Menkaure
  4651 | D:6      | Killed Menkaure
  4651 | D:6      | Reached skill level 12 in Axes
  4654 | D:6      | Noticed xsansara's ghost (experienced OgAK)
  4667 | D:6      | Killed xsansara's ghost
  4667 | D:6      | Reached skill level 13 in Axes
  4667 | D:6      | Gained mutation: You passively map the area around you. [Deep Dwarf growth]
  4667 | D:6      | Reached XP level 9. HP: 32/73 MP: 8/8
  4709 | D:6      | Noticed a moth of wrath
  4935 | D:6      | Noticed Prince Ribbit
  5077 | D:6      | Noticed Duvessa
  5077 | D:6      | Noticed Dowan
  5089 | D:6      | Killed Dowan
  5089 | D:6      | Acquired Makhleb's third power
  5092 | D:6      | Killed Duvessa
  5319 | D:6      | Killed Prince Ribbit
  5319 | D:6      | Reached skill level 14 in Axes
  5620 | D:6      | Found a bloodstained altar of Trog.
  5740 | D:7      | Found Enac's Magic Scroll Emporium.
  5744 | D:7      | Acquired Makhleb's fourth power
  5888 | D:7      | Reached skill level 1 in Armour
  5958 | D:7      | Reached skill level 2 in Armour
  6018 | D:7      | Reached skill level 3 in Armour
  6018 | D:7      | Reached XP level 10. HP: 69/80 MP: 8/8
  6043 | D:7      | Reached skill level 4 in Armour
  6239 | D:8      | Noticed Maurice
  6260 | D:8      | Reached skill level 5 in Armour
  6283 | D:8      | Killed Maurice
  6283 | D:8      | Reached skill level 6 in Armour
  6654 | D:8      | Noticed Grum
  6663 | D:8      | Killed Grum
  6682 | D:8      | Reached skill level 7 in Armour
  7148 | D:9      | Acquired Makhleb's fifth power
  7148 | D:9      | Reached skill level 8 in Armour
  7199 | D:9      | HP: 11/80 [orc warrior/scimitar (11)]
  7373 | D:9      | Noticed a brown ugly thing
  7386 | D:9      | HP: 18/80 [acid (7)]
  7404 | D:9      | HP: 20/80 [brown ugly thing (15)]
  7444 | D:9      | Killed a green ugly thing
  7444 | D:9      | Reached skill level 9 in Armour
  7599 | D:9      | Noticed HEYYEYAAE's ghost (experienced HuAE)
  7632 | D:9      | Killed HEYYEYAAE's ghost
  7632 | D:9      | Reached skill level 10 in Armour
  7916 | D:9      | HP: 12/80 [two-headed ogre/giant club (10)]
  8048 | D:9      | Reached skill level 15 in Axes
  8134 | D:10     | Entered Level 10 of the Dungeon
  8134 | D:10     | Found Hiach's General Store.
  8156 | D:10     | HP: 18/80 [orc warrior/flail (14)]
  8157 | D:10     | Reached XP level 11. HP: 25/86 MP: 7/7
  8168 | D:10     | Bought a scroll of magic mapping for 56 gold pieces
  8200 | D:10     | Noticed a hill giant
  8243 | D:10     | Paralysed by a wasp for 2 turns
  8363 | D:10     | Found a blossoming altar of Fedhas.
  8854 | D:10     | Noticed a hill giant
  8873 | D:10     | Killed a hill giant
  8873 | D:10     | Reached skill level 16 in Axes
  9150 | D:10     | Reached skill level 4 in Dodging
  9442 | D:11     | Reached skill level 5 in Dodging
  9512 | D:11     | Reached skill level 6 in Dodging
  9544 | D:11     | Found a staircase to the Lair.
  9593 | D:11     | Reached skill level 7 in Dodging
  9934 | D:11     | Found a staircase to the Orcish Mines.
  9948 | D:11     | Reached skill level 8 in Dodging
  9988 | Orc:1    | Entered Level 1 of the Orcish Mines
 10059 | Orc:1    | Found a roughly hewn altar of Beogh.
 10245 | Orc:2    | Noticed Maud
 10271 | Orc:2    | Killed Maud
 10351 | Orc:2    | Found a dark tunnel.
 10359 | Volcano  | Entered a volcano
 10420 | Volcano  | Reached XP level 12. HP: 67/93 MP: 7/7
 10641 | Orc:2    | Upgraded the game from 0.17-a0-1210-g1e4f09d to 0.17-a0-1248-g117de50
 10910 | Orc:3    | Found a staircase to the Elven Halls.
 11264 | Orc:3    | Reached skill level 17 in Axes
 11707 | Orc:4    | Entered Level 4 of the Orcish Mines
 11768 | Orc:4    | HP: 20/93 [orc warrior/halberd (10)]
 12469 | Orc:4    | Reached skill level 18 in Axes
 12550 | Orc:4    | Noticed an orc warlord
 12568 | Orc:4    | Killed an orc warlord
 12683 | Orc:4    | Got a faintly glowing long sword
 13074 | Orc:4    | Reached skill level 19 in Axes
 13452 | Orc:4    | Noticed an orc warlord
 13481 | Orc:4    | Killed an orc warlord
 13481 | Orc:4    | Reached XP level 13. HP: 99/99 MP: 7/7
 13679 | Orc:4    | Found Ise Feur's Book Shoppe.
 13707 | Orc:4    | HP: 21/99 [sun demon[an orc high priest] (5)]
 13754 | Orc:4    | Found a roughly hewn altar of Beogh.
 13769 | Orc:4    | Found Deduukoz's Weapon Emporium.
 13798 | Orc:4    | HP: 22/99 [orc warrior/trident (16)]
 13813 | Orc:4    | HP: 23/99 [orc warrior/trident (8)]
 13996 | Orc:4    | Reached skill level 20 in Axes
 14028 | Orc:4    | Found Dauvuagi's Assorted Antiques.
 14038 | Orc:4    | Reached skill level 1 in Invocations
 14057 | Orc:4    | Found Qaontaed's General Store.
 14067 | Orc:4    | Reached skill level 2 in Invocations
 14118 | Orc:4    | Found a roughly hewn altar of Beogh.
 14124 | Orc:4    | Reached skill level 3 in Invocations
 14196 | Orc:4    | Reached skill level 4 in Invocations
 14430 | Orc:4    | Bought a sedimented yellow potion for 27 gold pieces
 14430 | Orc:4    | Bought a sedimented blue potion for 27 gold pieces
 14430 | Orc:4    | Bought a scroll of fog for 60 gold pieces
 14430 | Orc:4    | Bought a scroll of identify for 60 gold pieces
 14440 | Orc:4    | Bought a wand of hasting (4) for 528 gold pieces
 14552 | D:11     | Noticed a hill giant
 14567 | D:11     | HP: 24/99 [hill giant/giant club (14)]
 14570 | D:11     | Killed a hill giant
 14570 | D:11     | Reached skill level 5 in Invocations
 14853 | D:11     | Reached skill level 6 in Invocations
 14999 | D:12     | Reached skill level 7 in Invocations
 15052 | D:12     | Reached skill level 2 in Fighting
 15123 | D:12     | Reached skill level 3 in Fighting
 15527 | D:12     | Reached skill level 4 in Fighting
 15733 | D:13     | HP: 16/105 [six-headed hydra (9)]
 15733 | D:13     | HP: 7/105 [six-headed hydra (9)]
 15789 | D:13     | Reached skill level 5 in Fighting
 15841 | D:13     | Found a gate to the Vaults.
 15857 | D:13     | Reached skill level 6 in Fighting
 16111 | D:13     | Reached skill level 7 in Fighting
 16411 | D:13     | Gained mutation: You resist negative energy. [Deep Dwarf growth]
 16411 | D:13     | Reached XP level 14. HP: 88/123 MP: 11/11
 16582 | D:13     | You fall through a shaft for 2 floors!
 16582 | D:15     | Entered Level 15 of the Dungeon
 16615 | D:15     | Found a white marble altar of Elyvilon.
 16840 | D:14     | Found a labyrinth entrance.
 16920 | D:14     | HP: 28/123 [seven-headed hydra (8)]
 17105 | D:14     | Reached skill level 8 in Fighting
 18072 | D:15     | Reached skill level 9 in Fighting
 18079 | D:15     | Noticed Azrael
 18099 | D:15     | Killed Azrael
 18158 | D:15     | Found a staircase to the Depths.
 18243 | D:15     | Reached skill level 10 in Fighting
 18473 | D:15     | Found a snail-covered altar of Cheibriados.
 18559 | D:15     | Reached skill level 11 in Fighting
 19384 | Depths:1 | Entered Level 1 of the Depths
 19393 | D:15     | Reached skill level 9 in Dodging
 19602 | Elf:1    | Entered Level 1 of the Elven Halls
 19656 | Elf:1    | Reached skill level 10 in Dodging
 19776 | Elf:1    | Found Tokkapt's Jewellery Shop.
 20226 | Elf:1    | Reached XP level 15. HP: 137/141 MP: 11/11
 20385 | Elf:2    | Reached skill level 11 in Dodging
 20430 | Elf:2    | Noticed Roxanne
 20561 | Elf:2    | Found Vasaesec's Jewellery Boutique.
 20732 | Elf:2    | Reached skill level 12 in Dodging
 20819 | Elf:2    | Found a huge runed gate.
 20819 | Elf:2    | Found a huge runed gate.
 20819 | Elf:2    | Found a huge runed gate.
 20819 | Elf:2    | Found a huge runed gate.
 20819 | Elf:2    | Found a huge runed gate.
 20825 | Elf:2    | Noticed Nikola
 20853 | Elf:2    | Killed Nikola
 21250 | Elf:2    | Reached skill level 13 in Dodging
 21271 | Elf:2    | HP: 34/141 [war axe of electrocution (2)]
 21424 | Elf:2    | Reached skill level 14 in Dodging
 21451 | Elf:2    | Noticed Saint Roka
 21597 | Elf:2    | HP: 29/141 [Saint Roka/glaive of freezing (21)]
 21600 | Elf:2    | HP: 14/141 [Saint Roka/divine providence (11)]
 21605 | Elf:2    | HP: 31/141 [Saint Roka/glaive of freezing (19)]
 21606 | Elf:2    | Killed Saint Roka
 21670 | Elf:2    | Reached skill level 15 in Dodging
 21679 | Elf:2    | HP: 35/141 [deep elf knight/arrow of frost (1)]
 21684 | Elf:2    | HP: 31/141 [deep elf knight/arrow of frost (4)]
 21797 | Elf:3    | Entered Level 3 of the Elven Halls
 21915 | Elf:3    | Found Epriv's Weapon Emporium.
 22232 | Elf:3    | Found Quoret's Weapon Boutique.
 22294 | Elf:3    | HP: 6/141 [crystal guardian/crystal bolt (42)]
 22299 | Elf:3    | Killed from afar by a deep elf annihilator

Vault maps used:
D:1:      saegor_arrival_simple_b, grunt_decor_resistance
D:2:      grunt_temple_overflow_open, first_bread
D:3:      overflow_temple_1_default, grunt_dithmenos_smoke_and_mirrors,
          uniq_natasha
D:4:      tgw_sif, minmay_temple_entry_steel_oval, uniq_eustachio
D:5:      minmay_temple_entry_overgrown, uniq_grinder, uniq_pikel
D:6:      tgw_trog, kennysheep_mini, kennysheep_generic_room_4,
          uniq_prince_ribbit1, uniq_menkaure, uniq_duvessa, uniq_sigmund
D:7:      serial_shops, shop_scrolls
D:8:      blue_anna_alchemist, nrook_uturn, kennysheep_doodads,
          amethyst_killhole, grunt_decor_cap, uniq_grum, uniq_maurice
D:9:      kennysheep_generic_room_2
D:10:     serial_shops, shop, serial_undead, serial_undead_c, serial_undead_c,
          serial_undead_e, serial_undead_b, serial_undead_c, serial_undead_f,
          serial_undead_f, fedhas_altar_3
D:11:     erik_lair_island, david_orc_3
D:13:     lightli_vaults_fourway_checkpoint
D:14:     special_room, lab_entry_generic, minivault_4, minivault_24,
          st_stairs_9
D:15:     hangedman_depths_entry_try_elsewhere_first, lemuel_crystal_altar,
          elyvilon_altar_4, uniq_azrael
Orc:1:    basic_altar, mines2_lemuel, uniq_harold
Orc:2:    enter_volcano_2, uniq_maud
Orc:3:    nicolae_orc_pool_cavern, mines5_lemuel
Orc:4:    pubby_orc_utopia
Elf:1:    minmay_elf_arrival_summoners, serial_shops, shop,
          kennysheep_underground_church, serial_sigils_hangedman_clutch
Elf:2:    serial_shops, nicolae_shop_statue_plus, kilobyte_rumbling_trees,
          uniq_roxanne, uniq_saint_roka, uniq_nikola
Elf:3:    minmay_elf_hall_golems, serial_shops, shop, shop_fountains,
          nicolae_elf_big_sculpture_3, basic_stair_grate_trap, uniq_donald
Depths:1: abyss_entry, grunt_mini_vestibule, serial_bayou_ford_a,
          kennysheep_generic_room_6, uniq_mara
Volcano:  volcano_pools

Action                   |  1- 3 |  4- 6 |  7- 9 | 10-12 | 13-15 || total
-------------------------+-------+-------+-------+-------+-------++-------
Melee: War axe           |   115 |   140 |   385 |   783 |       ||  1423
       Battleaxe         |       |       |       |   725 |  1302 ||  2027
Throw: Throwing net      |       |       |     1 |       |       ||     1
Invok: Minor Destruction |       |       |       |       |    14 ||    14
       Major Destruction |       |       |       |       |    16 ||    16
       Lesser Servant of |       |       |       |       |     1 ||     1
       Greater Servant o |       |       |       |       |     2 ||     2
 Abil: Device Recharging |       |     1 |     1 |     4 |     8 ||    14
Evoke: Wand              |     1 |     5 |     5 |    33 |    34 ||    78
       Lamp of fire      |       |       |       |     2 |     2 ||     4
  Use: Scroll            |     7 |       |     5 |    21 |    11 ||    44
       Potion            |       |     1 |     4 |     7 |     6 ||    18
 Stab: Sleeping          |     1 |       |       |       |       ||     1
       Invisible         |       |       |     1 |       |     2 ||     3
       Held in net/web   |       |       |     1 |       |       ||     1
       Confused          |       |       |       |     3 |       ||     3
       Distracted        |       |       |       |       |     1 ||     1
  Eat: Chunk             |     1 |     6 |    10 |    27 |    27 ||    71
       Fruit             |       |       |       |     1 |       ||     1
       Beef jerky        |       |       |       |       |     3 ||     3
       Royal jelly       |       |       |       |       |     1 ||     1

Vault maps used:
D:1:      saegor_arrival_simple_b, grunt_decor_resistance
D:2:      grunt_temple_overflow_open, first_bread
D:3:      overflow_temple_1_default, grunt_dithmenos_smoke_and_mirrors,
          uniq_natasha
D:4:      tgw_sif, minmay_temple_entry_steel_oval, uniq_eustachio
D:5:      minmay_temple_entry_overgrown, uniq_grinder, uniq_pikel
D:6:      tgw_trog, kennysheep_mini, kennysheep_generic_room_4,
          uniq_prince_ribbit1, uniq_menkaure, uniq_duvessa, uniq_sigmund
D:7:      serial_shops, shop_scrolls
D:8:      blue_anna_alchemist, nrook_uturn, kennysheep_doodads,
          amethyst_killhole, grunt_decor_cap, uniq_grum, uniq_maurice
D:9:      kennysheep_generic_room_2
D:10:     serial_shops, shop, serial_undead, serial_undead_c, serial_undead_c,
          serial_undead_e, serial_undead_b, serial_undead_c, serial_undead_f,
          serial_undead_f, fedhas_altar_3
D:11:     erik_lair_island, david_orc_3
D:13:     lightli_vaults_fourway_checkpoint
D:14:     special_room, lab_entry_generic, minivault_4, minivault_24,
          st_stairs_9
D:15:     hangedman_depths_entry_try_elsewhere_first, lemuel_crystal_altar,
          elyvilon_altar_4, uniq_azrael
Orc:1:    basic_altar, mines2_lemuel, uniq_harold
Orc:2:    enter_volcano_2, uniq_maud
Orc:3:    nicolae_orc_pool_cavern, mines5_lemuel
Orc:4:    pubby_orc_utopia
Elf:1:    minmay_elf_arrival_summoners, serial_shops, shop,
          kennysheep_underground_church, serial_sigils_hangedman_clutch
Elf:2:    serial_shops, nicolae_shop_statue_plus, kilobyte_rumbling_trees,
          uniq_roxanne, uniq_saint_roka, uniq_nikola
Elf:3:    minmay_elf_hall_golems, serial_shops, shop, shop_fountains,
          nicolae_elf_big_sculpture_3, basic_stair_grate_trap, uniq_donald
Depths:1: abyss_entry, grunt_mini_vestibule, serial_bayou_ford_a,
          kennysheep_generic_room_6, uniq_mara
Volcano:  volcano_pools

Table legend:
 A = Turns spent in this place as a percentage of turns spent in the entire game.
 B = Non-inter-level travel turns spent in this place as a percentage of non-inter-level travel turns spent in the entire game.
 C = Inter-level travel turns spent in this place as a percentage of turns spent in this place.
 D = Turns resting spent in this place as a percentage of non-inter-level travel turns spent in this place.
 E = Turns spent auto-exploring this place as a percentage of non-inter-level travel turns spent in this place.
 F = Non-inter-level travel turns spent in this place divided by the number of levels of this place that you've seen.
                   A       B       C       D       E      F
               +-------+-------+-------+-------+-------+----------------------
         Total | 100.0 | 100.0 |   0.3 |   0.7 |   6.1 | 445.2
       Dungeon |  59.1 |  59.1 |   0.4 |   0.8 |   7.0 | 420.7
  Orcish Mines |  24.6 |  24.7 |   0.2 |   0.7 |   5.7 | 658.8
   Elven Halls |  14.8 |  14.8 |   0.2 |   0.5 |   4.1 | 526.7
        Depths |   0.0 |   0.0 |   0.0 |   0.0 |   0.0 |   2.0
       Volcano |   1.5 |   1.5 |   0.0 |   0.0 |   0.0 | 158.0
               +-------+-------+-------+-------+-------+----------------------

Table legend:
 A = Kills in this place as a percentage of kills in entire the game.
 B = Kills by you in this place as a percentage of kills by you in the entire game.
 C = Kills by friends in this place as a percentage of kills by friends in the entire game.
 D = Other kills in this place as a percentage of other kills in the entire game.
 E = Experience gained in this place as a percentage of experience gained in the entire game.
 F = Experience gained in this place divided by the number of levels of this place that you have seen.
                   A       B       C       D       E      F
               +-------+-------+-------+-------+-------+----------------------
         Total | 100.0 | 100.0 | 100.0 | 100.0 | 100.0 | 6245.0
       Dungeon |  53.1 |  53.2 |  31.2 | 100.0 |  43.2 | 4314.4
  Orcish Mines |  35.1 |  35.5 |  25.0 |   0.0 |  18.6 | 6984.2
   Elven Halls |  11.3 |  10.8 |  43.8 |   0.0 |  37.5 | 18728.0
       Volcano |   0.5 |   0.5 |   0.0 |   0.0 |   0.7 | 1044.0
               +-------+-------+-------+-------+-------+----------------------
